[Event "MPL-4 Indian Chess Tour 2022"]
[Site "Chess24"]
[Date "2022.09.27"]
[Round "5.2"]
[White "Aditya Mittal"]
[Black "Pranav, V."]
[Result "1-0"]
[ECO "D24"]
[WhiteElo "2485"]
[BlackElo "2530"]
[Annotator "TA"]
[PlyCount "63"]
[EventDate "2022.09.29"]
[EventType "tourn (rapid)"]
[EventCountry "NET"]
[SourceTitle "playchess.com"]
[Source "ChessBase"]
[SourceQuality "1"]
[WhiteTeam "India"]
[BlackTeam "India"]
[WhiteTeamCountry "IND"]
[BlackTeamCountry "IND"]
[TimeControl "900+10"]

1. d4 {[%emt 0:00:00] Edouard,Romain} d5 2. c4 e6 3. Nf3 Nf6 4. Nc3 dxc4 5. e4 b5 6. e5 {[%emt 0:00:01] D24: Queen's Gambit Accepted: 3 Nf3 Nf6 4 Nc3.} Nd5 7. Nxb5 Nb6 8. a4 {[%emt 0:00:15] White is slightly better.} Qd7 9. Be2 Nc6 {[%emt 0:01:33] [#]} 10. Be3 $146 ({Predecessor:} 10. O-O Na5 11. Ng5 h6 12. Ne4 Bb7 13. Nc5 Bxc5 14. dxc5 Nd5 15. Ra3 a6 16. Nd4 {0-1 (45) Carlsen,M (2863)-Nakamura,H (2736) chess24.com INT 2020 CBM 198 [Edouard,Romain]}) 10... Bb7 11. O-O Na5 12. Nd2 Bb4 13. Nc3 O-O 14. Qc2 Nd5 15. Nde4 ({Don't go for} 15. Nxc4 $2 Nxc4 16. Bxc4 Nxc3 $19) 15... Nxe3 ({Black should try} 15... Be7 $11) 16. fxe3 $14 Qe7 $2 {[%emt 0:00:01][%mdl 8192] [#] This costs Black the game.} (16... Be7 $14) 17. Nf6+ $1 $18 gxf6 18. exf6 Qd6 {[%emt 0:03:16] White must now prevent ...Kh8.} 19. Rf4 Rfc8 (19... Qxf4 $142 20. exf4 c5 21. Bxc4 Nxc4) 20. Rg4+ {[%emt 0:01:55][%mdl 64] Deflection} Kf8 21. Qxh7 Ke8 22. Nb5 Qa6 23. Rg8+ {[%emt 0:01:33][%mdl 64] [#] Deflection} Kd7 24. Qxf7+ Kc6 25. Rxc8 (25. Qxe6+ $142 Bd6 26. Bf3+ Kb6 27. Nxd6 Bxf3 28. Nxc8+ Kb7 29. Qxa6+ Kxa6 30. f7) 25... Rxc8 26. Qxe6+ Bd6 27. Bf3+ Kb6 28. Nxd6 cxd6 29. Qxd6+ Bc6 30. f7 (30. Bg4 $142 Rh8 31. f7) 30... c3 31. f8=Q Rxf8 32. Qxf8 {[%emt 0:00:01] Weighted Error Value: White=0.10 (very precise) /Black=0.87} (32. b4 $142 Kb7 33. bxa5 c2 34. Qe7+ Ka8 35. Qxf8+ Kb7 36. Qe7+ Kb8 37. Qd8+ Qc8 38. Qxc8+ Kxc8 39. Bxc6) 1-0

[Event "MPL-4 Indian Chess Tour 2022"]
[Site "Chess24"]
[Date "2022.09.27"]
[Round "5.3"]
[White "Sethuraman, S.P."]
[Black "Karthikeyan, Murali"]
[Result "1/2-1/2"]
[ECO "C55"]
[WhiteElo "2638"]
[BlackElo "2623"]
[Annotator "TA"]
[PlyCount "111"]
[EventDate "2022.09.29"]
[EventType "tourn (rapid)"]
[EventCountry "NET"]
[SourceTitle "playchess.com"]
[Source "ChessBase"]
[SourceQuality "1"]
[WhiteTeam "India"]
[BlackTeam "India"]
[WhiteTeamCountry "IND"]
[BlackTeamCountry "IND"]
[TimeControl "900+10"]

1. e4 e5 2. Nf3 Nc6 3. Bc4 Nf6 4. d3 h6 5. c3 d6 6. a4 {[%emt 0:00:04] C55: Two Knights: 4 d3, 4 d4 exd4 5 e5 and Max Lange Attack.} g5 7. Qb3 Qd7 8. a5 {[%emt 0:00:15] White is slightly better.} Bg7 9. Nbd2 O-O {[%emt 0:00:35] [#]} 10. O-O $146 ({Predecessor:} 10. Nf1 Ne7 11. Ng3 c6 12. d4 exd4 13. Nxd4 d5 14. exd5 Nfxd5 15. O-O f5 16. f4 {1-0 (34) Abergel,T (2374)-Agrest,I (2245) Germany 2022}) 10... Ne7 11. Re1 Ng6 {[%emt 0:00:52] aiming for ...g4.} 12. Nf1 c6 13. Qc2 d5 (13... g4 $5 14. N3d2 $8 d5 $11) 14. Bb3 Qc7 15. Ng3 Be6 16. d4 Nxe4 17. Nxe4 dxe4 18. Bxe6 exf3 19. Qxg6 ({Don't blunder} 19. gxf3 $2 Nh4 20. Bg4 f5 $19) 19... fxe6 20. Rxe5 Rf6 21. Qe4 Qd7 22. gxf3 Rff8 {[%emt 0:01:44] [#]} (22... Re8 $14) 23. Rc5 $1 $16 {[%emt 0:01:52] Black must now prevent a6.} ({But not} 23. Rxe6 $6 Rfe8 24. Rxe8+ Rxe8 $11) 23... Rac8 (23... a6 $1 $14) 24. Be3 Rf7 {[%emt 0:00:58] [#]} 25. Re1 {[%emt 0:00:20] White is more active.} ({Better is} 25. Kg2 $1 $16) 25... b6 $14 26. axb6 axb6 27. Rc4 Qd5 28. Qxd5 (28. Ra4 {seems wilder.} Rxf3 29. Qg4 b5 30. Ra6) 28... exd5 {[%emt 0:00:00] The position is equal.} 29. Ra4 Rxf3 30. Rea1 b5 31. Ra7 Rf7 32. Kf1 Re8 33. Ke2 Bf8 34. Kd3 Bd6 35. Rxf7 Kxf7 $11 {[%emt 0:00:00][%mdl 4096] Endgame KRB-KRB} 36. Ra6 Rc8 37. h3 Kg6 38. Ke2 h5 39. Kf3 Kf5 40. Ra7 Rc7 {[%emt 0:00:37] Prevents Rg7.} 41. Ra8 g4+ 42. hxg4+ hxg4+ 43. Ke2 Rg7 44. Rc8 Bc7 45. Kd3 Ke6 46. Bh6 Rf7 47. Be3 Rg7 {[%emt 0:00:05] Inhibits Rg8.} 48. Bh6 Rf7 49. Ke2 Kd7 50. Rg8 Bf4 51. Bxf4 Rxf4 52. Rg7+ Kd6 53. Rg6+ Kd7 54. Rg7+ Kd6 55. Rg6+ Kd7 56. Rg7+ {[%emt 0:00:00] Weighted Error Value: White=0.05 (flawless) /Black=0.05 (flawless)} 1/2-1/2

[Event "MPL-4 Indian Chess Tour 2022"]
[Site "Chess24"]
[Date "2022.09.27"]
[Round "5.4"]
[White "Mitrabha, Guha"]
[Black "Adhiban, B.."]
[Result "1-0"]
[ECO "A21"]
[WhiteElo "2471"]
[BlackElo "2603"]
[Annotator "TA"]
[PlyCount "233"]
[EventDate "2022.09.29"]
[EventType "tourn (rapid)"]
[EventCountry "NET"]
[SourceTitle "playchess.com"]
[Source "ChessBase"]
[SourceQuality "1"]
[WhiteTeam "India"]
[BlackTeam "India"]
[WhiteTeamCountry "IND"]
[BlackTeamCountry "IND"]
[TimeControl "900+10"]

1. c4 d6 2. Nc3 e5 3. g3 f5 4. Bg2 Be7 5. d3 Nf6 6. b4 O-O 7. Nf3 a6 8. Rb1 h6 9. a4 Be6 10. O-O Qe8 11. b5 axb5 12. Rxb5 Bc8 13. c5 Nc6 14. cxd6 Bxd6 15. e3 Kh8 16. Nd2 Na5 17. Rb1 c6 18. Bb2 Be6 19. Ne2 Ba2 20. Rc1 Bd5 21. e4 Be6 22. d4 exd4 (22... Nxe4 $1 $11 23. Nxe4 (23. dxe5 Bc7 $11) 23... fxe4) 23. Nxd4 $16 fxe4 24. Nxe6 Qxe6 25. Bxf6 e3 26. Bxg7+ Kxg7 27. fxe3 Qxe3+ 28. Kh1 Rxf1+ 29. Nxf1 Qe5 30. Qg4+ (30. Nd2 $16) 30... Qg5 $14 31. Qd7+ Qe7 32. Qg4+ Qg5 33. Qd4+ $1 Qe5 (33... Be5 $14 {is superior.} 34. Qd7+ Kh8) 34. Qd3 $16 Re8 (34... Rf8 $142) 35. Nd2 $16 Bc7 (35... Re7 $16 {was called for.}) 36. Ne4 (36. Rf1 $18 {is more deadly.}) 36... Rd8 (36... Re7 $16) 37. Qf3 $18 Rf8 38. Qg4+ Kh8 39. h4 (39. Qg6 $16 Qg7 40. Qe6) 39... Nb3 (39... Qf5 $1 $14 40. Qe2 Qg6) 40. Rb1 $2 (40. Rf1 $18 Rxf1+ 41. Bxf1) 40... Rg8 $14 41. Qd7 Nc5 $1 42. Qd2 Rg6 43. Re1 Re6 44. Qf2 Re8 45. Qf7 Qe7 $2 (45... Nxa4 $2 46. Rf1 Qe7 47. Qh5 $18) (45... Ba5 $2 46. Re2 Qe6 47. Qh5 $18) (45... Rg8 $11) 46. Qh5 $1 $18 Kg7 47. Re2 Qe5 $2 {[%emt 0:00:45] [#]} (47... Nxe4 48. Rxe4 Be5) 48. Qg4+ $2 (48. Ng5 $1 $18 {[%mdl 512] and the rest is easy. Qf7+ would kill now.} hxg5 49. Rxe5 (49. Qxe8 Qxe8 50. Rxe8 Bxg3 $16) 49... Rxe5 50. hxg5 Re1+ 51. Kh2) 48... Kh8 $16 49. Nc3 $1 Rg8 50. Rxe5 Rxg4 51. Rxc5 Bxg3 52. Rh5 (52. Bf3 $16 Rxh4+ 53. Kg2) 52... Rxh4+ $11 53. Rxh4 Bxh4 54. Ne4 Be7 {[%emt 0:00:01] [#]} (54... Be1 $1 $11) 55. Nd2 $1 $16 Bb4 {[%emt 0:00:06] [#]} 56. Nb3 $1 Kg7 57. a5 Bd6 $2 (57... Kf6 $11) 58. Bh3 $18 c5 59. Nd2 Kf6 60. Nc4 Bc7 $2 (60... Ke7 61. Bc8 Bf4 62. Bxb7 Kd8) 61. Kg2 $18 Bxa5 62. Nxa5 b5 63. Bd7 b4 64. Nc4 h5 65. Kf3 Kg5 66. Bh3 h4 67. Nd2 Kf6 68. Ne4+ Ke5 69. Nxc5 Kd4 70. Nb3+ Kc3 71. Be6 Kc2 72. Kg4 Kc3 73. Kxh4 Kd3 74. Kg5 Ke4 75. Kf6 Kf4 76. Ke7 Ke5 77. Kd7 Ke4 78. Kd6 Kf4 79. Bc4 Ke4 80. Kc5 Ke5 81. Nd2 Kf4 82. Kxb4 Ke3 83. Kc3 Kf4 84. Kd4 Kf5 85. Ne4 Kf4 86. Nd6 Kf3 87. Bd3 Kf4 88. Be4 Kg5 89. Ke5 Kg4 90. Nf5 Kg5 91. Ne3 Kh5 92. Bf5 Kh6 93. Kf6 Kh5 94. Ng2 Kh6 95. Bg4 Kh7 96. Ne3 Kh6 97. Nf5+ Kh7 98. Nd6 Kh6 99. Nf7+ Kh7 100. Bf5+ Kg8 101. Be4 Kf8 102. Bh7 Ke8 103. Ne5 Kd8 104. Ke6 Kc7 105. Nd7 Kc6 106. Bd3 Kc7 107. Bb5 Kd8 108. Nf6 Kc7 109. Nd5+ Kd8 110. Kd6 Kc8 111. Ke7 Kb7 112. Kd7 Kb8 113. Ba6 Ka7 114. Bc8 Kb8 115. Kd8 Ka7 116. Kc7 Ka8 117. Ne7 1-0

[Event "MPL-4 Indian Chess Tour 2022"]
[Site "Chess24"]
[Date "2022.09.27"]
[Round "5.5"]
[White "Vaibhav, Suri"]
[Black "Narayanan.S.L"]
[Result "1/2-1/2"]
[ECO "C47"]
[WhiteElo "2600"]
[BlackElo "2657"]
[Annotator "TA"]
[PlyCount "53"]
[EventDate "2022.09.29"]
[EventType "tourn (rapid)"]
[EventCountry "NET"]
[SourceTitle "playchess.com"]
[Source "ChessBase"]
[SourceQuality "1"]
[WhiteTeam "India"]
[BlackTeam "India"]
[WhiteTeamCountry "IND"]
[BlackTeamCountry "IND"]
[TimeControl "900+10"]

1. e4 e5 2. Nf3 Nc6 3. Nc3 Nf6 4. d4 exd4 5. Nxd4 Bb4 6. Nxc6 bxc6 7. Bd3 d5 {[%emt 0:00:05] The position is equal.} 8. Bd2 {[%emt 0:00:10] C47: Scotch Four Knights and Four Knights with 4 g3.} Bxc3 9. Bxc3 dxe4 10. Bxf6 {[%emt 0:02:00][%mdl 64] [#] Remove Defender} Qxf6 11. Bxe4 Ba6 {[%emt 0:00:42] White must now prevent ...Qe7.} 12. Qf3 Qxf3 {[%emt 0:02:10] [#]} 13. gxf3 $146 ({Much worse is} 13. Bxf3 O-O-O 14. Bg4+ (14. Bxc6 $2 Rd6 $19) 14... Kb7 $17) ({Predecessor:} 13. Bxf3 O-O-O 14. Bg4+ Kb7 15. f4 Rd4 16. Bf3 Rxf4 17. O-O-O Re8 18. Rhe1 Rxe1 19. Rxe1 {0-1 (43) Adelshinov,R-Asanov,A (2050) Astrakhan 2012}) 13... O-O-O {[%emt 0:00:07] [#] Hoping for ...Rhe8.} 14. Rd1 $1 c5 15. h4 g6 16. h5 f5 {[%emt 0:00:24] Threatens to win with ...Rxd1+.} 17. Bc6 Rxd1+ 18. Kxd1 $11 {[%emt 0:00:01][%mdl 4096] Endgame KRB-KRB} Rd8+ 19. Kc1 Bb7 20. Bxb7+ Kxb7 21. hxg6 hxg6 {[%emt 0:00:03] KR-KR} 22. Rh7 Re8 23. Kd2 Rd8+ 24. Kc3 Re8 25. Kd2 Rd8+ 26. Kc3 Re8 27. Kd2 {[%emt 0:00:15] Not much happened in this game.  Weighted Error Value: White=0.01 (flawless) /Black=0.01 (flawless)} 1/2-1/2

[Event "MPL-4 Indian Chess Tour 2022"]
[Site "Chess24"]
[Date "2022.09.27"]
[Round "5.7"]
[White "Aronyak Ghosh"]
[Black "Mendonca, Leon Luke"]
[Result "1/2-1/2"]
[ECO "D14"]
[WhiteElo "2519"]
[BlackElo "2558"]
[Annotator "TA"]
[PlyCount "83"]
[EventDate "2022.09.29"]
[EventType "tourn (rapid)"]
[EventCountry "NET"]
[SourceTitle "playchess.com"]
[Source "ChessBase"]
[SourceQuality "1"]
[WhiteTeam "India"]
[BlackTeam "India"]
[WhiteTeamCountry "IND"]
[BlackTeamCountry "IND"]
[TimeControl "900+10"]

1. c4 c6 2. Nc3 d5 3. d4 Nf6 4. cxd5 cxd5 5. Bf4 Nc6 6. e3 Bf5 7. Nf3 e6 8. Bd3 Bxd3 9. Qxd3 Bd6 10. Bxd6 Qxd6 11. O-O O-O 12. Rfc1 Rfc8 {[%emt 0:00:04] The position is equal.} 13. Nd2 {[%emt 0:00:34] D14: Slav Defence: Exchange variation with ...Bf5.} Nd7 14. Ne2 Ne7 15. Rxc8+ Rxc8 16. Rc1 Rxc1+ 17. Nxc1 {[%emt 0:00:00] [#]} Nc6 $146 ({Predecessor:} 17... a6 18. a3 Nc6 19. g3 g6 20. Kg2 Kg7 21. Qc2 Qc7 22. Nd3 Qb6 23. Qb3 Qxb3 24. Nxb3 {½-½ (30) Medak,B (2404)-Blazeka,M (2318) Bol 2014}) 18. Qc3 Qb4 19. Qxb4 Nxb4 $11 {[%emt 0:00:01][%mdl 4096] Endgame KNN-KNN} 20. a3 Nc6 21. Nd3 Kf8 22. Kf1 Ke7 23. Ke2 Kd6 24. Nb3 b6 25. Kd2 Ne7 26. Nbc1 Nf5 27. Ke2 Kc6 28. Na2 Nd6 29. Nc3 a5 30. a4 Ne4 31. Nb5 Nd6 32. Nxd6 Kxd6 {[%emt 0:00:01] KN-KN} 33. Kd2 Nb8 34. Kc3 Nc6 35. b4 f6 36. bxa5 bxa5 37. Nc5 g5 38. Nb7+ Kc7 39. Nc5 Kd6 40. Nb7+ Kc7 41. Nc5 Kd6 42. Nb7+ {[%emt 0:00:01] Not much happened in this game.  Weighted Error Value: White=0.01 (flawless) /Black=0.01 (flawless)} 1/2-1/2

[Event "MPL-4 Indian Chess Tour 2022"]
[Site "Chess24"]
[Date "2022.09.27"]
[Round "5.8"]
[White "Iniyan, P."]
[Black "Ganguly, Surya Shekhar"]
[Result "0-1"]
[ECO "D28"]
[WhiteElo "2556"]
[BlackElo "2589"]
[Annotator "TA"]
[PlyCount "80"]
[EventDate "2022.09.29"]
[EventType "tourn (rapid)"]
[EventCountry "NET"]
[SourceTitle "playchess.com"]
[Source "ChessBase"]
[SourceQuality "1"]
[WhiteTeam "India"]
[BlackTeam "India"]
[WhiteTeamCountry "IND"]
[BlackTeamCountry "IND"]
[TimeControl "900+10"]

1. d4 d5 2. c4 dxc4 3. Nf3 Nf6 4. e3 e6 5. Bxc4 c5 6. O-O Nc6 7. Qe2 a6 8. Rd1 b5 9. Bb3 Bb7 10. Nc3 Be7 $1 {[%emt 0:00:02][%mdl 4] [#] is currently scoring better than 10...Qc7. D28: Queen's Gambit Accepted: Classical main line: 7 Qe2 with early ...Nc6.} 11. a4 $146 (11. d5 $11 {keeps the balance.} exd5 12. Nxd5 Nxd5 13. Bxd5) ({Predecessor:} 11. dxc5 Qc7 12. e4 O-O 13. Bg5 Rad8 14. Rac1 Rxd1+ 15. Nxd1 Rd8 16. e5 Nd7 17. Bxe7 Nxe7 18. Bc2 Nxc5 19. Bxh7+ Kxh7 {0-1 (31) Popov,V (2532)-Inarkiev,E (2693) St Petersburg 2018}) 11... b4 (11... Na5 $17 12. Bc2 (12. dxc5 Qc7 $17) 12... b4 13. dxc5 Qc7) 12. d5 $1 $11 (12. dxc5 Qc7 13. Nb1 Na5 $17) 12... Na5 {[%emt 0:02:11] The position is equal.} 13. dxe6 Qc8 14. exf7+ Kf8 15. Ba2 (15. Bc2 $1 $14) 15... bxc3 $15 16. bxc3 Qg4 {[%emt 0:00:49] Hoping for ...c4.} 17. Ba3 {[%emt 0:00:49] Black keeps a firm grip on the game.} (17. Rb1 $11 {remains equal.}) 17... Bxf3 $17 18. Qxf3 Qxf3 {[%emt 0:00:01] Chess con chili.} 19. gxf3 c4 20. Bb4 Nb3 {[%emt 0:00:10] Pair of Knights!} 21. Rab1 Kxf7 22. Bxb3 cxb3 23. Bxe7 Kxe7 24. Rxb3 Rab8 {[%emt 0:00:30] Against Rb7+} 25. Rb4 a5 26. Rbd4 Rhc8 27. e4 (27. Rd6 $17) 27... Rxc3 $19 28. e5 Nh5 (28... Rxf3 29. exf6+ Kxf6 30. Rd6+ Kf7 31. Rd7+ Kg8 32. Rd8+ Rxd8 33. Rxd8+ Rf8 34. Rd5 $14) 29. Rd5 Nf4 ({Don't blunder} 29... Rxf3 $2 30. Rxa5 Nf4 31. Rf1) 30. Rxa5 Rd3 31. Ra7+ Ke6 32. Re1 Rb2 ({Don't go for} 32... Rxf3 $2 33. Rxg7 Nd3 34. Rd1 $17) 33. Rxg7 {[%emt 0:01:27] [#]} h5 ({Weaker is} 33... Rxf3 34. Rxh7 Nh3+ 35. Kh1 $17) 34. Ra7 Rxf3 35. Ra6+ $2 {[%emt 0:00:04] [#]} (35. Rf1) 35... Kf5 $1 36. Rf6+ Kg4 37. Rf1 Kh3 (37... Ra2 $142 38. a5 Rxa5) 38. a5 Rb8 {[%emt 0:00:10] ( -> ...Rg8+)} 39. Kh1 {[%emt 0:02:37] [#]} Rxf2 $3 40. Rxf4 (40. Re1 Re2) 40... Rxf4 {[%emt 0:00:01] Weighted Error Value: White=0.56/Black=0.05 (flawless)} 0-1

[Event "MPL-4 Indian Chess Tour 2022"]
[Site "Chess24"]
[Date "2022.09.27"]
[Round "6.1"]
[White "Raja Harshit"]
[Black "Ganguly, Surya Shekhar"]
[Result "1-0"]
[ECO "C70"]
[WhiteElo "2459"]
[BlackElo "2589"]
[Annotator "TA"]
[PlyCount "133"]
[EventDate "2022.09.29"]
[EventType "tourn (rapid)"]
[EventCountry "NET"]
[SourceTitle "playchess.com"]
[Source "ChessBase"]
[SourceQuality "1"]
[WhiteTeam "India"]
[BlackTeam "India"]
[WhiteTeamCountry "IND"]
[BlackTeamCountry "IND"]
[TimeControl "900+10"]

1. e4 e5 2. Nf3 Nc6 3. Bb5 a6 4. Ba4 b5 5. Bb3 Na5 6. O-O d6 7. d4 Nxb3 8. axb3 f6 {[%emt 0:00:01] 8...f6 is better than 8...exd4.} 9. c4 b4 {[%emt 0:00:01] C70: Ruy Lopez: 3...a6 4 Ba4, Norwegian and Delayed Schliemann.} 10. Be3 Ne7 11. Nbd2 Ng6 {[%emt 0:00:07] White is slightly better.} 12. c5 Be7 {[%emt 0:00:59] [#]} (12... exd4 $1 $11 {remains equal.} 13. Nxd4 dxc5) 13. Nc4 $146 ({Predecessor:} 13. cxd6 cxd6 14. Nc4 Bb7 15. Nfd2 O-O 16. Na5 Qc7 17. Qc1 Qxc1 18. Rfxc1 exd4 19. Bxd4 {½-½ (25) Suetin,A-Goldenov,B Minsk 1955}) 13... Rb8 14. Qc2 {[%emt 0:01:06] White has more active pieces. The black rooks are badly placed.} O-O 15. Na5 {[%emt 0:00:55] [#] Nc6 is the strong threat.} Bd7 {[%emt 0:00:56] Prevents Nc6.} (15... Qe8 $14 {might be stronger.}) 16. cxd6 $16 cxd6 17. Nc6 {[%emt 0:00:04] Pair of Knights!} Rc8 {[%emt 0:00:38][%mdl 8192] A mistake that costs the game.} (17... Bxc6 $16 {is more resistant.} 18. Qxc6 Qe8 19. Qc4+ (19. Qxa6 Qf7 $16) (19. Rxa6 Qxc6 20. Rxc6 d5 $16) 19... Qf7 20. Rxa6 Rbc8 21. Qxf7+ (21. Qxb4 Rb8 $16) 21... Rxf7) 18. Qc4+ $18 Kh8 19. Nxd8 {[%emt 0:00:02] [#] Threatens to win with Nf7+.} Rxc4 20. bxc4 Rxd8 21. Rxa6 f5 22. dxe5 dxe5 23. Rd1 fxe4 24. Bb6 Rc8 25. Rxd7 exf3 26. b3 fxg2 27. Rda7 Kg8 28. Ra8 Rxa8 29. Rxa8+ {[%emt 0:00:00][%mdl 4096] Endgame KRB-KBN} Kf7 30. Kxg2 e4 31. Rc8 Ke6 32. Bd4 Nh4+ 33. Kf1 Nf3 34. Bxg7 Nd2+ 35. Ke2 Nxb3 36. Ke3 Kf5 37. Bf8 Bg5+ 38. Ke2 Nd4+ 39. Kf1 b3 40. Rb8 Bf4 41. Rb7 Bxh2 42. Bc5 Nf3 (42... Ke5 43. Rxh7 Bf4 44. Re7+ Ne6) 43. Be3 Bf4 44. Rb5+ Ne5 (44... Be5 $142 45. Rxb3 Nh2+ 46. Ke2 h5) 45. Bd4 {[%emt 0:00:07] aiming for Bxe5.} h5 46. Bxe5 {[%emt 0:00:06] White mates.} Bxe5 47. Rxb3 {[%emt 0:00:01] KR-KB} h4 48. c5 Ke6 49. c6 Bc7 50. Kg2 Kd6 51. Rb4 Kd5 52. Kh3 Bd8 53. Kg4 Kxc6 54. Rxe4 Kd5 55. Re8 Bf6 56. f4 Kd6 57. Kf5 Bc3 58. Re3 Bb2 59. Rh3 Ke7 60. Rxh4 Kf7 61. Rh7+ Kf8 62. Rb7 Bc3 63. Ke6 Bd4 64. f5 Kg8 65. f6 Bc5 66. Rb8+ Kh7 67. f7 {[%emt 0:00:04] Weighted Error Value: White=0.17 (very precise) /Black=0.40} 1-0

[Event "MPL-4 Indian Chess Tour 2022"]
[Site "Chess24"]
[Date "2022.09.27"]
[Round "6.2"]
[White "Mendonca, Leon Luke"]
[Black "Iniyan, P."]
[Result "1-0"]
[ECO "E04"]
[WhiteElo "2558"]
[BlackElo "2556"]
[Annotator "TA"]
[PlyCount "75"]
[EventDate "2022.09.29"]
[EventType "tourn (rapid)"]
[EventCountry "NET"]
[SourceTitle "playchess.com"]
[Source "ChessBase"]
[SourceQuality "1"]
[WhiteTeam "India"]
[BlackTeam "India"]
[WhiteTeamCountry "IND"]
[BlackTeamCountry "IND"]
[TimeControl "900+10"]

1. d4 Nf6 2. c4 e6 3. Nf3 d5 4. g3 dxc4 5. Bg2 c6 6. O-O b5 7. Ne5 Bb7 8. Nc3 Qb6 9. a4 a5 {[%emt 0:00:03] has lost popularity (9...Be7). E04: Open Catalan: 5 Nf3.} (9... Be7 {seems wilder.} 10. b3 Nd5 11. Ne4 cxb3 12. a5 Qc7) 10. e4 Nfd7 {[%emt 0:00:39] [#] aiming for ...Nxe5.} 11. Nxd7 (11. Nxf7 $1 $11 Kxf7 12. d5 (12. Qg4 $2 Qxd4 13. Qf4+ Ke8 $19) 12... cxd5 13. exd5) 11... Nxd7 $15 {[%emt 0:00:00][%cal Bb8d7,Bd7e5,Be5d3][%mdl 32] Black is slightly better.} 12. Be3 b4 $1 {[%emt 0:00:38] [#]} 13. Nb1 $146 (13. d5 $15 Bc5 14. dxe6 fxe6 15. Qg4) ({Predecessor:} 13. Ne2 Qa6 14. d5 O-O-O 15. Rc1 Nc5 16. Nf4 cxd5 17. exd5 g5 18. Nd3 Bxd5 19. Bxc5 Bxg2 20. Bxf8 Bxf1 21. Qxf1 Rhxf8 {0-1 (51) Aditya,M (2438)-Droin,A (2289) Chess.com INT 2020}) 13... c5 (13... Ba6 $1 $17 {Threatening ...Rd8.} 14. Re1 Rd8) 14. d5 $11 Ba6 {[%emt 0:01:29] With the idea ...Be7.} 15. Re1 (15. e5 $11 {remains equal.} Ra7 16. f4) 15... Ne5 $1 $17 {[%emt 0:00:05] Threatens to win with ...Nd3.} 16. Qc2 Nd3 17. Nd2 b3 $36 {[%emt 0:00:44][%mdl 2048] Black has some pressure.} 18. Qc3 Qb4 {[%emt 0:00:02] Hoping for ...Qxc3.} 19. Red1 Qxc3 20. bxc3 Rd8 21. Bf1 (21. Rab1 $142) 21... exd5 {[%emt 0:00:42] White must now prevent ...d4.} 22. Bxd3 cxd3 23. Nxb3 c4 24. Nxa5 dxe4 (24... d4 {with more complications.} 25. cxd4 c3 26. Nc6 c2) 25. Rdb1 Be7 26. Nc6 Ra8 27. Nxe7 Kxe7 28. Bc5+ Ke6 29. Rb6+ Kf5 30. Kf1 Rhd8 31. Ke1 ({White should play} 31. a5 $15) 31... Rd5 32. Be3 f6 ({Better is} 32... Kg4 $17 33. Rc6 Rd7) 33. Kd2 $15 Ra5 34. Rc6 (34. g4+ $15 Ke5 35. Rb4) 34... Bb5 $19 35. Rc5+ {[%emt 0:00:16] [#]} (35. Rc7 $142) 35... Kg4 $1 36. h3+ Kf3 $4 {[%emt 0:00:04][%mdl 8192] [#]} (36... Kxh3 $19 37. Ra2 Kg2) 37. Rg1 $1 ({Don't blunder} 37. Rf5+ $2 Kg2 38. Rc5 Rxa4 39. Rxa4 Bxa4 40. Rxc4 Kf3 $19) 37... Bxa4 38. g4 {[%emt 0:00:04] Weighted Error Value: White=0.28 (precise) /Black=0.26 (precise)} 1-0

[Event "MPL-4 Indian Chess Tour 2022"]
[Site "Chess24"]
[Date "2022.09.27"]
[Round "6.3"]
[White "Mohammad Nubairshah Shaikh"]
[Black "Aronyak Ghosh"]
[Result "1/2-1/2"]
[ECO "E11"]
[WhiteElo "2461"]
[BlackElo "2519"]
[Annotator "TA"]
[PlyCount "25"]
[EventDate "2022.09.29"]
[EventType "tourn (rapid)"]
[EventCountry "NET"]
[SourceTitle "playchess.com"]
[Source "ChessBase"]
[SourceQuality "1"]
[WhiteTeam "India"]
[BlackTeam "India"]
[WhiteTeamCountry "IND"]
[BlackTeamCountry "IND"]
[TimeControl "900+10"]

1. d4 Nf6 2. c4 e6 3. Nf3 d5 4. g3 Bb4+ 5. Bd2 Be7 6. Bg2 O-O 7. O-O c6 8. Qc2 Nbd7 9. Bf4 {[%emt 0:00:09] [#]} Nh5 $146 ({Predecessor:} 9... b6 10. cxd5 cxd5 11. Rc1 Bb7 12. Bc7 Qe8 13. Qb3 Rc8 14. Na3 Ne4 15. Bf4 g5 16. Be3 h6 17. Rxc8 Qxc8 18. Rc1 Qb8 19. Nb5 a6 20. Nc3 Rc8 21. Nxe4 dxe4 {0-1 (57) Grandelius,N (2655)-Giri,A (2760) Chennai 2022}) 10. Bc1 Nhf6 11. Bf4 Nh5 12. Bc1 Nhf6 13. Bf4 1/2-1/2